 Dungeon Crawl Stone Soup version 0.19.5 (webtiles) character file.

49 Azzok the Skirmisher (level 3, 0/34 HPs)
             Began as a Centaur Fighter on June 4, 2017.
             Succumbed to an adder's poison
             ... on level 2 of the Dungeon.
             The game lasted 00:03:10 (903 turns).

Azzok the Skirmisher (Centaur Fighter)               Turns: 903, Time: 00:03:11

Health: 0/34       AC:  6    Str: 19    XL:     3   Next: 51%
Magic:  3/3        EV:  5    Int:  7    God:
Gold:   32         SH:  8    Dex:  8    Spells: 0 memorised, 2 levels left

rFire  . . .     SeeInvis .     a - +0 long sword
rCold  . . .     Gourm    .     b - +0 scale mail
rNeg   . . .     Faith    .     c - +0 shield
rPois  .         Spirit   .     (no helmet)
rElec  .         Reflect  .     (no cloak)
rCorr  .         Harm     .     (no gloves)
MR     .....                    (no barding)
Stlth  ..........               (no amulet)
                                m - ring of loudness (curse)
                                (no ring)

@: lethally poisoned (0 -> -5), very quick
A: hooves 3, deformed body, speed 2, tough skin 3
a: no special abilities


You were on level 2 of the Dungeon.
You were not hungry.

You visited 1 branch of the dungeon, and saw 2 of its levels.

You collected 32 gold pieces.

Inventory:

Hand Weapons
 a - a +0 long sword (weapon)
Missiles
 k - 24 arrows
Armour
 b - a +0 scale mail (worn)
 c - a +0 shield (worn)
Jewellery
 m - a cursed ring of loudness (right hand)
Scrolls
 g - a scroll of teleportation {unknown}
 l - a scroll of enchant weapon {unknown}
Potions
 d - 2 potions of might
 e - a potion of berserk rage {unknown}
 h - a potion of lignification {unknown}
Comestibles
 f - a bread ration {@e1}
 i - a chunk of flesh {@w0}
 j - a slice of pizza


   Skills:
 * Level 4.6 Fighting
 - Level 1.7 Long Blades
 - Level 2.1 Armour
 - Level 2.1 Shields


You had 2 spell levels left.
You didn't know any spells.

Dungeon Overview and Level Annotations

Branches:
Dungeon (2/15)

Altars:


Innate Abilities, Weirdness & Mutations

You have hooves in place of feet.
Armour fits poorly on your strangely shaped body.
You cover ground very quickly.
You have extremely tough skin. (AC +3)


Message History

You take 1 damage, and have 10/34 hp.
You miss the adder.
You feel sick. The adder barely misses you.
The adder bites you but does no damage.
You take 1 damage, and have 9/34 hp.
You miss the adder. Your kick misses the adder.
You feel sick. The adder bites you.
* * * LOW HITPOINT WARNING * * *
The adder bites you.
* * * LOW HITPOINT WARNING * * *
You take 7 damage, and have 2/34 hp.
MASSIVE DAMAGE!!
You closely miss the adder. Your kick misses the adder.
You block the adder's attack. The adder bites you but does no damage.
You closely miss the adder. You kick the adder.
The adder is moderately wounded.
* * * LOW HITPOINT WARNING * * *
You feel sick.
The adder bites you but does no damage. x2
You take 1 damage, and have 1/34 hp.
You slash the adder!
You kill the adder!
You die...

·· ····▒ ··· ▒▒·▒·▒
·▒ ···· ····▒ ▒▒▒·▒
···▒ ▒··· ·····▒
···▒··▒▒▒▒·····▒
▒▒▒▒▒·▒···········▒▒▒
·······(·············
▒········▒▒▒·······
▒········r†@·········
▒·········▒▒▒········
▒·········▒ ▒·······
▒·········▒▒▒·▒▒▒·▒
▒·········▒·P·····▒
▒▒▒·····▒·▒··P·P··▒
▒▒▒▒▒▒▒··▒·8P·▒·▒
▒·········▒
▒····▒▒▒▒·▒


You could see a rat.

Vanquished Creatures
  An adder (D:2)
  An ooze (D:1)
  An adder skeleton (D:2)
  A dart slug (D:1)
  A ball python (D:1)
  3 bats
  3 giant cockroaches
  2 goblins (D:1)
  4 hobgoblins
  2 jackals (D:1)
  3 kobolds
  A ball python skeleton (D:2)
  A frilled lizard (D:1)
  A jackal zombie (D:2)
  6 rats
31 creatures vanquished.

Notes
Turn   | Place    | Note
-------+----------+-------------------------------------------
     0 | D:1      | Azzok the Centaur Fighter began the quest for the Orb.
     0 | D:1      | Reached XP level 1. HP: 19/19 MP: 1/1
   146 | D:1      | Reached XP level 2. HP: 20/26 MP: 2/2
   431 | D:1      | Reached skill level 4 in Fighting
   625 | D:1      | Reached XP level 3. HP: 33/33 MP: 3/3
   902 | D:2      | HP: 1/34 [poisoned by an adder]
   903 | D:2      | Succumbed to an adder's poison

Skill      XL: |  1  2 |
---------------+-------+-----
Fighting       | 4 |  4.6
Long Blades    | |  1.7
Armour         | |  2.1
Shields        | |  2.1

Action                   || total
-------------------------++-------
Melee: Long sword        ||    93
       Kick              ||    12
Armor: Scale mail        ||    57
Dodge: Dodged            ||    19
Block: Shield            ||    49
       Rpst.: Long sword ||     5
